| TOP OF THE 1ST |
|
Boise Hawks batting - Pitching for Williamsport Crosscutters : LHP Josh Schmidt
|
|
Pitching: LHP Josh Schmidt
|
|
|
Batting: SHB Clayton Saunders
|
0-0: Ball 1-0: Swinging Strike 1-1: Ball 2-1: Foul Ball, location: 2F 2-2: Foul Ball, location: 2F 2-2: Strikes out swinging
|
|
Batting: RHB Ryan Ward
|
0-0: Ball 1-0: Foul Ball, location: 2F 1-1: Ball 2-1: Ball 3-1: Foul Ball, location: 2F 3-2: Strikes out swinging wild pitch, reaches first!
|
|
Batting: RHB Andy Rayer
|
0-0: Foul Ball, location: 2F 0-1: Ball 1-1: Foul Ball, location: 2F 1-2: SINGLE (Groundball, 6, EV 104.4 MPH) Ryan Ward to second
|
|
Batting: RHB Dan Hoffman
|
0-0: Ball 1-0: Called Strike 1-1: Foul Ball, location: 2F 1-2: Foul Ball, location: 2F 1-2: Foul Ball, location: 2F 1-2: Fly out, F8 (Flyball, 8RM, EV 86.9 MPH)
|
|
Batting: RHB Keith Giarratano
|
0-0: Called Strike 0-1: Swinging Strike 0-2: DOUBLE (Line Drive, 9LS, EV 105.6 MPH) Ryan Ward scores Andy Rayer to third Runner from 3rd tries for Home, SAFE, no throw by RF
|
|
Batting: LHB Jerry Santana
|
0-0: Foul Ball, location: 2F 0-1: Ground out 6-3 (Groundball, 56, EV 83.1 MPH)
|
| Top of the 1st over - 2 runs, 2 hits, 0 errors, 1 left on base; Boise 2 - Williamsport 0 |
| BOTTOM OF THE 1ST |
|
Williamsport Crosscutters batting - Pitching for Boise Hawks : LHP Mike Pierce
|
|
Pitching: LHP Mike Pierce
|
|
|
Batting: RHB Eddie Serna
|
0-0: Foul Ball, location: 2F 0-1: Ball 1-1: Ball 2-1: Foul Ball, location: 2F 2-2: Fly out, F7 (Line Drive, 7S, EV 101.2 MPH)
|
|
Batting: LHB Ryan Young
|
0-0: Ball 1-0: Ball 2-0: Foul Ball, location: 2F 2-1: Ground out U3 (Groundball, 3L, EV 94.4 MPH)
|
|
Batting: LHB Jean-Claude Vanbiesbrouck
|
0-0: SINGLE (Line Drive, 7S, EV 106.9 MPH)
|
|
Batting: RHB Frank Ramirez
|
0-0: Ball 1-0: Foul Ball, location: 2F 1-1: Fly out, F7 (Flyball, 7LD, EV 87.5 MPH)
|
| Bottom of the 1st over - 0 runs, 1 hit, 0 errors, 1 left on base; Boise 2 - Williamsport 0 |
| TOP OF THE 2ND |
|
Boise Hawks batting - Pitching for Williamsport Crosscutters : LHP Josh Schmidt
|
|
Batting: RHB Bob Hayes
|
0-0: Ball 1-0: Called Strike 1-1: Swinging Strike 1-2: Ball 2-2: Strikes out swinging
|
|
Batting: RHB Kevin McKasson
|
0-0: Called Strike 0-1: Called Strike 0-2: Strikes out looking
|
|
Batting: SHB Justin Jackson
|
0-0: Called Strike 0-1: Ball 1-1: Foul Ball, location: 2F 1-2: SINGLE (Groundball, 6MD, EV 104.4 MPH)
|
|
Batting: SHB Clayton Saunders
|
0-0: Ball 1-0: Fielders Choice at 2nd, 6-4 (Groundball, 6, EV 95.6 MPH)
|
| Top of the 2nd over - 0 runs, 1 hit, 0 errors, 1 left on base; Boise 2 - Williamsport 0 |
| BOTTOM OF THE 2ND |
|
Williamsport Crosscutters batting - Pitching for Boise Hawks : LHP Mike Pierce
|
|
Batting: LHB Travis Hahn
|
0-0: Fly out, F3 (Line Drive, 3, EV 71.2 MPH)
|
|
Batting: RHB Joel Gomez
|
0-0: Ball 1-0: Called Strike 1-1: Swinging Strike 1-2: Ball 2-2: Strikes out swinging
|
|
Batting: RHB Steve Kirby
|
0-0: SINGLE (Groundball, 56D, EV 101.2 MPH)
|
|
Batting: RHB Rafael Soto
|
0-0: Ball 1-0: SINGLE (Groundball, 56D, EV 101.9 MPH) Steve Kirby to second
|
|
Batting: LHB Bryant Dill
|
0-0: Ball 1-0: Ball 2-0: Ball 3-0: Called Strike 3-1: Called Strike 3-2: Foul Ball, location: 2F 3-2: Base on Balls Steve Kirby to third Rafael Soto to second
|
|
Batting: RHB Eddie Serna
|
0-0: Ball 1-0: SINGLE (Line Drive, 8LS, EV 88.8 MPH) Steve Kirby scores Rafael Soto to third Bryant Dill to second
|
|
Batting: LHB Ryan Young
|
0-0: Ball 1-0: Ball 2-0: SINGLE (Groundball, 34, EV 97.5 MPH) Rafael Soto scores Bryant Dill to third Eddie Serna to second Runner from 3rd tries for Home, SAFE, throw by RF to home
|
|
Batting: LHB Jean-Claude Vanbiesbrouck
|
0-0: Called Strike 0-1: 3-RUN HOME RUN (Flyball, 9D, EV 115.0 MPH), Distance : 435 ft
|
|
Batting: RHB Frank Ramirez
|
0-0: Ball 1-0: Foul Ball, location: 2F 1-1: Ground out 5-3 (Groundball, 5, EV 103.8 MPH)
|
| Bottom of the 2nd over - 6 runs, 5 hits, 0 errors, 0 left on base; Boise 2 - Williamsport 6 |
| TOP OF THE 3RD |
|
Boise Hawks batting - Pitching for Williamsport Crosscutters : LHP Josh Schmidt
|
|
Batting: RHB Ryan Ward
|
0-0: Ball 1-0: Called Strike 1-1: Swinging Strike 1-2: Hit by Pitch
|
|
Batting: RHB Andy Rayer
|
0-0: Ball 1-0: Called Strike 1-1: Grounds into double play, 5-4-3 (Groundball, 5, EV 76.9 MPH)
|
|
Batting: RHB Dan Hoffman
|
0-0: Ball 1-0: SINGLE (Line Drive, 4MD, EV 107.5 MPH)
|
|
Batting: RHB Keith Giarratano
|
0-0: Called Strike 0-1: Ball 1-1: Foul Ball, location: 2F 1-2: Strikes out swinging
|
| Top of the 3rd over - 0 runs, 1 hit, 0 errors, 1 left on base; Boise 2 - Williamsport 6 |
| BOTTOM OF THE 3RD |
|
Williamsport Crosscutters batting - Pitching for Boise Hawks : LHP Mike Pierce
|
|
Batting: LHB Travis Hahn
|
0-0: Called Strike 0-1: Ball 1-1: Fly out, F7 (Flyball, 7, EV 83.8 MPH)
|
|
Batting: RHB Joel Gomez
|
0-0: Ball 1-0: Ball 2-0: Ball 3-0: Base on Balls
|
|
Pitching: LHP Ernesto Galindo
|
|
|
Batting: RHB Steve Kirby
|
0-0: Ball Joel Gomez is caught stealing 2nd base 2-4 1-0: Ball 2-0: Ball 3-0: Called Strike 3-1: Base on Balls
|
|
Batting: RHB Rafael Soto
|
0-0: Foul Ball, location: 2F 0-1: SINGLE (Groundball, 6MD, EV 95.0 MPH) Steve Kirby to second
|
|
Batting: LHB Bryant Dill
|
0-0: Ball 1-0: Called Strike 1-1: Ball 2-1: SINGLE (Line Drive, 6D, EV 98.1 MPH) Steve Kirby to third Rafael Soto to second Runner from 3rd tries for Home, SAFE, throw by LF to home
|
|
Batting: RHB Eddie Serna
|
0-0: Called Strike 0-1: Ball 1-1: Called Strike 1-2: Ball 2-2: Fly out, F9 (Flyball, 89S, EV 88.1 MPH)
|
| Bottom of the 3rd over - 1 run, 2 hits, 0 errors, 2 left on base; Boise 2 - Williamsport 7 |
| TOP OF THE 4TH |
|
Boise Hawks batting - Pitching for Williamsport Crosscutters : LHP Josh Schmidt
|
|
Batting: LHB Jerry Santana
|
0-0: Called Strike 0-1: Ball 1-1: Ground out 4-3 (Groundball, 4M, EV 75.6 MPH)
|
|
Batting: RHB Bob Hayes
|
0-0: Foul Ball, location: 2F 0-1: Ball 1-1: Ball 2-1: Ball 3-1: SINGLE (Groundball, 4S, EV 65.0 MPH) (infield hit)
|
|
Batting: RHB Kevin McKasson
|
0-0: Ball 1-0: Ball 2-0: Called Strike 2-1: Fly out, F7 (Flyball, 78S, EV 86.2 MPH)
|
|
Batting: SHB Justin Jackson
|
0-0: Ball 1-0: Ball 2-0: Hit by Pitch Bob Hayes to second
|
|
Batting: SHB Clayton Saunders
|
0-0: Called Strike 0-1: Ball 1-1: Swinging Strike 1-2: Strikes out swinging
|
| Top of the 4th over - 0 runs, 1 hit, 0 errors, 2 left on base; Boise 2 - Williamsport 7 |
| BOTTOM OF THE 4TH |
|
Williamsport Crosscutters batting - Pitching for Boise Hawks : LHP Ernesto Galindo
|
|
Batting: LHB Ryan Young
|
0-0: Ball 1-0: Ball 2-0: Ball 3-0: Base on Balls
|
|
Batting: LHB Jean-Claude Vanbiesbrouck
|
0-0: Fielders Choice at 2nd, 4-6 (Groundball, 13, EV 87.5 MPH)
|
|
Batting: RHB Frank Ramirez
|
0-0: Ball Jean-Claude Vanbiesbrouck is caught stealing 2nd base 2-4 1-0: Ground out 1-3 (Groundball, 13S, EV 68.1 MPH)
|
| Bottom of the 4th over - 0 runs, 0 hits, 0 errors, 0 left on base; Boise 2 - Williamsport 7 |
| TOP OF THE 5TH |
|
Boise Hawks batting - Pitching for Williamsport Crosscutters : LHP Josh Schmidt
|
|
Batting: RHB Ryan Ward
|
0-0: Ball 1-0: Ball 2-0: Called Strike 2-1: Foul Ball, location: 2F 2-2: Ground out 6-3 (Groundball, 56, EV 85.0 MPH)
|
|
Batting: RHB Andy Rayer
|
0-0: Ball 1-0: Ball 2-0: Swinging Strike 2-1: SINGLE (Groundball, 25, EV 66.9 MPH) (infield hit)
|
|
Pitching: LHP Justin Thornton
|
|
|
Batting: RHB Dan Hoffman
|
0-0: Fly out, F7 (Flyball, 7LM, EV 90.0 MPH)
|
|
Batting: RHB Keith Giarratano
|
0-0: Ball 1-0: Ball 2-0: Foul Ball, location: 2F 2-1: Called Strike 2-2: Foul Ball, location: 2F 2-2: Ball 3-2: Foul Ball, location: 2F 3-2: Foul Ball, location: 2F 3-2: Foul Ball, location: 2F 3-2: Base on Balls Andy Rayer to second
|
|
Batting: LHB Jerry Santana
|
0-0: Swinging Strike 0-1: Ball 1-1: Foul Ball, location: 2F 1-2: Foul Ball, location: 2F 1-2: Fielders Choice at 2nd, 6-4 (Groundball, 6, EV 106.2 MPH)
|
| Top of the 5th over - 0 runs, 1 hit, 0 errors, 2 left on base; Boise 2 - Williamsport 7 |
| BOTTOM OF THE 5TH |
|
Williamsport Crosscutters batting - Pitching for Boise Hawks : LHP Ernesto Galindo
|
|
Batting: LHB Travis Hahn
|
0-0: Ball 1-0: Ball 2-0: Foul Ball, location: 2F 2-1: Called Strike 2-2: SINGLE (Groundball, 34S, EV 67.5 MPH) (infield hit)
|
|
Batting: RHB Joel Gomez
|
0-0: Called Strike 0-1: Foul Ball, location: 2F 0-2: Ball 1-2: Grounds into double play, 6-4-3 (Groundball, 6, EV 110.0 MPH)
|
|
Batting: RHB Steve Kirby
|
0-0: Called Strike 0-1: Ground out 6-3 (Groundball, 6, EV 83.8 MPH)
|
| Bottom of the 5th over - 0 runs, 1 hit, 0 errors, 0 left on base; Boise 2 - Williamsport 7 |
| TOP OF THE 6TH |
|
Boise Hawks batting - Pitching for Williamsport Crosscutters : LHP Justin Thornton
|
|
Batting: RHB Bob Hayes
|
0-0: Fly out, F8 (Line Drive, 8LS, EV 96.2 MPH)
|
|
Batting: RHB Kevin McKasson
|
0-0: Ball 1-0: Ball 2-0: Foul Ball, location: 2F 2-1: Ball 3-1: Base on Balls
|
|
Batting: SHB Justin Jackson
|
0-0: Ball 1-0: Foul Ball, location: 2F 1-1: Ball Kevin McKasson is caught stealing 2nd base 2-4 2-1: DOUBLE (Line Drive, 3D, EV 98.8 MPH)
|
|
Batting: SHB Clayton Saunders
|
0-0: Called Strike 0-1: Ball 1-1: Called Strike 1-2: Ball 2-2: Strikes out swinging
|
| Top of the 6th over - 0 runs, 1 hit, 0 errors, 1 left on base; Boise 2 - Williamsport 7 |
| BOTTOM OF THE 6TH |
|
Williamsport Crosscutters batting - Pitching for Boise Hawks : LHP Ernesto Galindo
|
|
Batting: RHB Rafael Soto
|
0-0: Ball 1-0: Ball 2-0: Called Strike 2-1: Called Strike 2-2: Ground out 5-3 (Groundball, 56, EV 92.5 MPH)
|
|
Batting: LHB Bryant Dill
|
0-0: Ball 1-0: Ball 2-0: Ball 3-0: Base on Balls
|
|
Batting: RHB Eddie Serna
|
0-0: Ball Passed Ball! Bryant Dill to second 1-0: Ball 2-0: Ball 3-0: Called Strike 3-1: Base on Balls
|
|
Batting: LHB Ryan Young
|
0-0: Swinging Strike 0-1: Ball 1-1: Ball 2-1: Grounds into double play, 4-6-3 (Groundball, 4, EV 85.6 MPH)
|
| Bottom of the 6th over - 0 runs, 0 hits, 0 errors, 1 left on base; Boise 2 - Williamsport 7 |
| TOP OF THE 7TH |
|
Boise Hawks batting - Pitching for Williamsport Crosscutters : LHP Justin Thornton
|
|
Batting: RHB Ryan Ward
|
0-0: SINGLE (Groundball, 6M, EV 97.5 MPH)
|
|
Pitching: RHP Tim Starks
|
|
|
Batting: RHB Andy Rayer
|
0-0: SINGLE (Groundball, 56S, EV 71.9 MPH) (infield hit) Ryan Ward to second
|
|
Batting: RHB Dan Hoffman
|
0-0: Swinging Strike 0-1: Fly out, F8 (Flyball, 89S, EV 86.9 MPH)
|
|
Batting: RHB Keith Giarratano
|
0-0: Ball Wild Pitch! Ryan Ward to third Andy Rayer to second 1-0: Swinging Strike 1-1: Swinging Strike 1-2: Foul Ball, location: 2F 1-2: Ball 2-2: Foul Ball, location: 2F 2-2: Ground out 1-3 (Groundball, 15S, EV 63.8 MPH)
|
|
Batting: LHB Jerry Santana
|
0-0: Ball 1-0: Ball 2-0: Called Strike 2-1: SINGLE (Line Drive, 6MD, EV 98.1 MPH) Ryan Ward scores Andy Rayer to third
|
|
Batting: RHB Bob Hayes
|
0-0: Ball 1-0: Called Strike 1-1: Foul Ball, location: 2F 1-2: SINGLE (Groundball, 6MD, EV 108.1 MPH) Andy Rayer scores Jerry Santana to second
|
|
Batting: RHB Kevin McKasson
|
0-0: Called Strike 0-1: Ball 1-1: Ball 2-1: Ball 3-1: Foul Ball, location: 2F 3-2: Foul Ball, location: 2F 3-2: Base on Balls Jerry Santana to third Bob Hayes to second
|
|
Batting: SHB Justin Jackson
|
0-0: Ball 1-0: Ground out 4-3 (Groundball, 4, EV 103.8 MPH)
|
| Top of the 7th over - 2 runs, 4 hits, 0 errors, 3 left on base; Boise 4 - Williamsport 7 |
| BOTTOM OF THE 7TH |
|
Williamsport Crosscutters batting - Pitching for Boise Hawks : LHP Ernesto Galindo
|
|
Batting: LHB Jean-Claude Vanbiesbrouck
|
0-0: Foul Ball, location: 2F 0-1: Foul Ball, location: 2F 0-2: Ball 1-2: Ball 2-2: Strikes out looking
|
|
Pitching: RHP Zi-cheng Zhou
|
|
|
Batting: RHB Frank Ramirez
|
0-0: Called Strike 0-1: Called Strike 0-2: Ball 1-2: Foul Ball, location: 2F 1-2: Ball 2-2: Fly out, F7 (Flyball, 7, EV 81.9 MPH)
|
|
Batting: LHB Travis Hahn
|
0-0: Ball 1-0: Ball 2-0: Foul Ball, location: 2F 2-1: Swinging Strike 2-2: Ball 3-2: Foul Ball, location: 2F 3-2: Strikes out swinging
|
| Bottom of the 7th over - 0 runs, 0 hits, 0 errors, 0 left on base; Boise 4 - Williamsport 7 |
| TOP OF THE 8TH |
|
Boise Hawks batting - Pitching for Williamsport Crosscutters : RHP Tim Starks
|
|
Batting: SHB Clayton Saunders
|
0-0: Ground out 2-3 (Groundball, 15S, EV 72.5 MPH)
|
|
Batting: RHB Ryan Ward
|
0-0: Foul Ball, location: 2F 0-1: Foul Ball, location: 2F 0-2: Strikes out swinging, 2-3 out at first.
|
|
Batting: RHB Andy Rayer
|
0-0: Ball 1-0: Called Strike 1-1: Ball 2-1: Ball 3-1: Ground out 5-3 (Groundball, 56S, EV 83.8 MPH)
|
| Top of the 8th over - 0 runs, 0 hits, 0 errors, 0 left on base; Boise 4 - Williamsport 7 |
| BOTTOM OF THE 8TH |
|
Williamsport Crosscutters batting - Pitching for Boise Hawks : RHP Zi-cheng Zhou
|
|
Batting: RHB Joel Gomez
|
0-0: Ball 1-0: Called Strike 1-1: Ball 2-1: Ground out 5-3 (Groundball, 56, EV 80.6 MPH)
|
|
Batting: RHB Steve Kirby
|
0-0: Foul Ball, location: 2F 0-1: Ground out 4-3 (Groundball, 4M, EV 80.0 MPH)
|
|
Batting: RHB Rafael Soto
|
0-0: Called Strike 0-1: Called Strike 0-2: Ball 1-2: Strikes out looking
|
| Bottom of the 8th over - 0 runs, 0 hits, 0 errors, 0 left on base; Boise 4 - Williamsport 7 |
| TOP OF THE 9TH |
|
Boise Hawks batting - Pitching for Williamsport Crosscutters : RHP Tim Starks
|
|
Pitching: LHP Ray Paul
|
|
|
Batting: RHB Dan Hoffman
|
0-0: Called Strike 0-1: Foul Ball, location: 2F 0-2: Ball 1-2: Ground out 6-3 (Groundball, 6, EV 87.5 MPH)
|
|
Batting: RHB Keith Giarratano
|
0-0: Called Strike 0-1: Ball 1-1: Ball 2-1: Ball 3-1: Foul Ball, location: 2F 3-2: Base on Balls
|
|
Batting: LHB Jerry Santana
|
0-0: Foul Ball, location: 2F 0-1: Fly out, F8 (Flyball, 8LD, EV 101.9 MPH)
|
|
Batting: RHB Bob Hayes
|
0-0: Ball 1-0: Called Strike 1-1: Ball 2-1: Ground out 4-3 (Groundball, 4, EV 91.9 MPH)
|
| Top of the 9th over - 0 runs, 0 hits, 0 errors, 1 left on base; Boise 4 - Williamsport 7 |
|